 Dungeon Sprint DCSS version 0.23.2-1-ga50397a (webtiles) character file.

Game seed: 3657471341638055406

95 doot the Ruffian (level 4, -4/40 HPs)
             Began as a Ghoul Warper on Apr 15, 2019.
             Slain by a water elemental (16 damage)
             ... in the Dungeon (Sprint III: "The Ten Rune Challenge").
             The game lasted 00:02:33 (627 turns).

doot the Ruffian (Ghoul Warper)                      Turns: 627, Time: 00:02:33

Health: -4/40      AC:  3    Str: 14    XL:     4   Next: 65%
Magic:  4/8        EV: 12    Int:  9    God:
Gold:   18         SH:  0    Dex:  8    Spells: 3/10 levels left

rFire    . . .     SeeInvis .     - Unarmed
rCold    + . .     Gourm    .   (no shield)
rNeg     + + +     Faith    .   a - +0 leather armour
rPois    ∞         Spirit   .   (no helmet)
rElec    .         Reflect  .   (no cloak)
rCorr    .         Harm     .   (no gloves)
MR       .....     NoTele   +   (no boots)
Stlth    +.........             (no amulet)
HPRegen  0.00/turn              (no ring)
MPRegen  0.11/turn              (no ring)

@: shrouded, rotting
A: rotting body, claws 1, carnivore, cold resistance 1, negative energy
resistance 3, inhibited regeneration, torment resistance, unbreathing
a: no special abilities


You were in the Dungeon.
You were not hungry.

You visited 1 branch You collected 18 gold pieces.

Inventory:

Missiles
 d - 5 tomahawks of dispersal (quivered)
Armour
 a - a +0 leather armour (worn)
Scrolls
 b - a scroll of torment {unknown}
 c - 3 scrolls of blinking
 l - 2 scrolls of immolation {unknown}
 m - a scroll of identify {unknown}
 o - 3 scrolls of enchant weapon {unknown}
Potions
 e - a potion of curing
 g - a potion of heal wounds
 h - a potion of haste
 i - 2 potions of magic
 j - a potion of berserk rage
 k - 4 potions of mutation {unknown}
 n - 3 potions of flight
Comestibles
 f - 3 rations


   Skills:
 + Level 4.2 Fighting
 + Level 1.7 Throwing
 + Level 1.4 Armour
 + Level 4.0 Dodging
 + Level 0.1 Stealth
 + Level 4.9 Unarmed Combat
 + Level 3.6 Spellcasting
 + Level 0.5 Charms
 + Level 3.9 Translocations


You had 3 spell levels left.
You knew the following spells:

 Your Spells              Type           Power        Failure   Level  Hunger
a - Blink                 Tloc           N/A          11%         2    ###....
b - Shroud of Golubria    Chrm/Tloc      #.........   22%         2    ###....
c - Teleport Other        Tloc           #.......     22%         3    ###....

Your spell library contained the following spells:

 Spells                   Type           Power        Failure   Level  Hunger
 Gell's Gravitas          Tloc           #.........   22%         3    ###....
 Lesser Beckoning         Tloc           #.........   22%         3    ###....
 Passage of Golubria      Tloc           N/A          56%         4    #####..


Dungeon Overview and Level Annotations

Branches:
Dungeon (1/1)

Altars:


Innate Abilities, Weirdness & Mutations

Your body is rotting away.
You thrive on raw meat.
You are immune to poison.
You have sharp fingernails.
You are carnivorous and can eat meat at any time.
Your flesh is cold resistant. (rC+)
You are immune to negative energy. (rN+++)
You do not regenerate when monsters are visible.
You are immune to unholy pain and torment.
You can survive without breathing.


Message History

You scratch the water elemental.
The water elemental is lightly damaged.
Your shroud bends the water elemental's attack away!!
You barely miss the water elemental.
The water elemental is lightly damaged.
The water elemental hits you.
You scratch the water elemental but do no damage.
The water elemental is lightly damaged.
The water elemental hits you!
Your shroud falls apart!
You scratch the water elemental.
The water elemental is lightly damaged.
The water elemental hits you!
* * * LOW HITPOINT WARNING * * *
Unknown command.
Casting: Shroud of Golubria (safe; 22% risk of failure)
Confirm with . or Enter, or press ? or * to list all spells.
Space distorts slightly along a thin shroud covering your body.
The water elemental hits you!
You die...

▓▓▓▓▓▓▓▓▓▓▓ ▓▓▓
▓<.#..'...♣♣♣♣ ♣.#
▓..#..#......♣ ♣.#
▓#'####......♣ ♣♣.#
▓.÷÷..#....≈.♣ ♣..# #+#+#
▓.....#...≈≈♣♣ ♣..#......
▓....[#..≈≈≈≈♣♣♣..'.⌠....
▓####[#..≈≈≈≈≈≈E♣.#...###
▓(....#.≈≈≈≈≈≈@...# ⌠.#
▓.....#.≈≈≈≈≈.....# .#
▓.....#.≈≈≈.......# #
▓'#####...........#
▓.................#
▓▓▓▓▓▓▓▓▓▓▓▓▓▓▓▓▓▓▓


You could see a water elemental.

Vanquished Creatures
  A scorpion (D)
  Jessica (D)
  A human (D)
  3 rats (D)
6 creatures vanquished.

Vanquished Creatures (others)
  2 draconian scorchers (D)
  6 hellions (D)
  A yaktaur (D)
9 creatures vanquished.

Grand Total: 15 creatures vanquished

Notes
Turn   | Place    | Note
-------+----------+-------------------------------------------
     0 | D        | doot the Ghoul Warper began the quest for the Orb.
     0 | D        | Reached XP level 1. HP: 17/17 MP: 2/2
    17 | D        | Noticed Jessica
    27 | D        | Killed Jessica
    27 | D        | Reached skill level 1 in Throwing
    27 | D        | Reached skill level 1 in Armour
    27 | D        | Reached XP level 2. HP: 22/26 MP: 2/4
    27 | D        | Reached XP level 3. HP: 27/31 MP: 3/6
    32 | D        | Learned a level 2 spell: Blink
    35 | D        | Learned a level 2 spell: Shroud of Golubria
    39 | D        | Learned a level 3 spell: Teleport Other
    85 | D        | Noticed a scorpion
    91 | D        | Killed a yaktaur
   109 | D        | Killed a hellion
   110 | D        | Killed a hellion
   112 | D        | Killed a hellion
   117 | D        | Killed a scorpion
   117 | D        | Reached XP level 4. HP: 13/40 MP: 1/8
   141 | D        | Killed a hellion
   141 | D        | Killed a hellion
   156 | D        | Killed a white draconian scorcher
   201 | D        | Killed a white draconian scorcher
   370 | D        | Killed a hellion
   618 | D        | Noticed a water elemental
   627 | D        | Slain by a water elemental

Skill      XL: |  1  2  3  4 |
---------------+-------------+-----
Dodging        | 3 4 |  4.0
Fighting       | 3 4 |  4.2
Throwing       | 1 |  1.7
Armour         | 1 |  1.4
Unarmed Combat | 3 4 |  4.9
Spellcasting   | 2 3 |  3.6
Translocations | 3 |  3.9
Stealth        | |  0.1
Charms         | |  0.5

Action                   |  1- 3 |  4- 6 || total
-------------------------+-------+-------++-------
Melee: Unarmed           |    29 |    28 ||    57
       Punch             |       |     1 ||     1
 Cast: Shroud of Golubri |     2 |     4 ||     6
  Eat: Chunk             |       |     1 ||     1
Armor: Leather armour    |     5 |     5 ||    10
Dodge: Dodged            |    13 |    11 ||    24
